 Dungeon Crawl Stone Soup version 0.28-a0-1524-ge72afd5fc6 (webtiles) character file.

Game seed: 15577746116533243

266 dave1331 the Skirmisher (level 6, -1/56 HPs)
             Began as a Hill Orc Fighter on Jan 17, 2022.
             Slain by a water moccasin zombie (3 damage)
             ... on level 5 of the Dungeon.
             The game lasted 00:04:33 (411 turns).

dave1331 the Skirmisher (Hill Orc Fighter)           Turns: 411, Time: 00:04:34

Health: -1/56      AC:  9    Str: 21    XL:     6   Next: 20%
Magic:  6/6        EV:  9    Int:  8    God:
Gold:   0          SH:  4    Dex: 10    Spells: 5/5 levels left

rFire   . . .      SeeInvis .   a - +0 war axe
rCold   . . .      Faith    .   c - +0 buckler
rNeg    . . .      Spirit   .   b - +0 scale mail
rPois   .          Reflect  .   (no helmet)
rElec   .          Harm     .   (no cloak)
rCorr   .          Rampage  .   e - +1 pair of gloves
Will    .....                   (no boots)
Stlth   ..........              (no amulet)
HPRegen 0.18/turn               (no ring)
MPRegen 0.10/turn               (no ring)

@: no status effects
A: no striking features
a: no special abilities


You were on level 5 of the Dungeon.
You visited 1 branch of the dungeon, and saw 5 of its levels.

Inventory:

Hand Weapons
 a - a +0 war axe (weapon)
Armour
 b - a +0 scale mail (worn)
 c - a +0 buckler (worn)
 e - a +1 pair of gloves (worn)


   Skills:
 + Level 5.1 Fighting
 + Level 4.7 Axes
 + Level 4.6 Armour
 + Level 4.6 Shields


You had 5 spell levels left.
You didn't know any spells.
Your spell library was empty.

Dungeon Overview and Level Annotations

Branches:
Dungeon (5/15)             Temple (0/1) D:5

Altars:


Message History

The water moccasin zombie is lightly damaged.
The water moccasin zombie barely misses you.
The water moccasin zombie misses you.
You closely miss the water moccasin zombie.
The water moccasin zombie is lightly damaged.
You block the water moccasin zombie's attack.
You slash the water moccasin zombie!
The water moccasin zombie is heavily damaged.
You block the water moccasin zombie's attack.
The water moccasin zombie bites you but does no damage.
You barely miss the water moccasin zombie.
The water moccasin zombie is heavily damaged.
The water moccasin zombie bites you.
* * * LOW HITPOINT WARNING * * *
You hit the water moccasin zombie.
The water moccasin zombie is heavily damaged.
The water moccasin zombie bites you but does no damage.
The water moccasin zombie barely misses you.
You barely miss the water moccasin zombie.
The water moccasin zombie is heavily damaged.
The water moccasin zombie closely misses you.
You slash the water moccasin zombie!
The water moccasin zombie is severely damaged.
The water moccasin zombie bites you but does no damage.
The water moccasin zombie closely misses you.
You barely miss the water moccasin zombie.
The water moccasin zombie is severely damaged.
The water moccasin zombie bites you.
* * * LOW HITPOINT WARNING * * *
The water moccasin zombie bites you but does no damage.
You hit the water moccasin zombie.
The water moccasin zombie is severely damaged.
You block the water moccasin zombie's attack.
You hit the water moccasin zombie.
The water moccasin zombie is almost destroyed.
The water moccasin zombie bites you but does no damage. x2
You closely miss the water moccasin zombie.
The water moccasin zombie is almost destroyed.
The water moccasin zombie bites you.
You die...

#..# #..#
.. ##.##
##.. #..#
#...
##..# ..#
#...#<.#
#.#.#.#
...#...#
#.###@.##
#. #Z.# #
#..# ...#
#...
##..! ..#
...


You could see a water moccasin zombie.

Vanquished Creatures
  A black bear (D:4)
  An ogre (D:4)
  An iguana (D:5)
  2 hound skeletons (D:4)
  2 adders
  An orc (D:4)
  A ball python (D:2)
  5 endoplasms
  2 giant cockroaches (D:2)
  2 kobolds
  A quokka (D:3)
  4 bats
  3 goblins
  2 rats
28 creatures vanquished.

Notes
Turn   | Place    | Note
-------+----------+-------------------------------------------
     0 | D:1      | dave1331 the Hill Orc Fighter began the quest for the Orb.
     0 | D:1      | Reached XP level 1. HP: 19/19 MP: 1/1
    80 | D:2      | Reached XP level 2. HP: 16/27 MP: 2/2
   139 | D:2      | Reached skill level 4 in Fighting
   176 | D:2      | Reached XP level 3. HP: 24/33 MP: 3/3
   325 | D:4      | Reached XP level 4. HP: 22/41 MP: 4/4
   333 | D:4      | Noticed a black bear
   342 | D:4      | Killed a black bear
   343 | D:4      | Reached XP level 5. HP: 20/47 MP: 5/5
   346 | D:4      | Noticed an ogre
   360 | D:4      | Killed an ogre
   361 | D:4      | Reached skill level 5 in Fighting
   361 | D:4      | Reached XP level 6. HP: 24/56 MP: 6/6
   375 | D:5      | Entered Level 5 of the Dungeon
   375 | D:5      | Found a staircase to the Ecumenical Temple.
   408 | D:5      | HP: 1/56 [water moccasin zombie (3)]
   411 | D:5      | Slain by a water moccasin zombie

Illustrated notes

Levels and vault maps discovered:
D:1:      dpeg_arrival_long_road, layout_basic
D:2:      kennysheep_big_flooded_room, layout_rooms,
          nicolae_ecumenical_snake_handling, minmay_misc_feat_enclosed,
          uniq_natasha
D:3:      layout_loops_ring
D:4:      layout_loops_ring, serial_glass, glass_columns_b, glass_columns_a
D:5:      layout_rooms, kennysheep_mini_moat, minmay_temple_entry_mini_moons,
          biasface_ghost_orc_armoury, minmay_misc_feat_four_crosses,
          minmay_misc_feat_encased, hangedman_abyss_or_decor_passed,
          pf_guarded_unrand_woodcutter

Skill      XL: |  1  2  3  4  5 |
---------------+----------------+-----
Axes           | 3 4 |  4.7
Fighting       | 4 5 |  5.1
Armour         | 4 |  4.6
Shields        | 4 |  4.6

Action                   |  1- 3 |  4- 6 || total
-------------------------+-------+-------++-------
Melee: War axe           |    70 |    37 ||   107
  Use: Potion            |     1 |     1 ||     2
Armor: Scale mail        |    51 |    25 ||    76
Dodge: Dodged            |    36 |    21 ||    57
Block: Buckler           |    20 |     6 ||    26

Table legend: (Time is in decaauts)
 A = Elapsed time spent in this place.
 B = Non-inter-level travel time spent in this place.
 C = Inter-level travel time spent in this place.
 D = Time resting spent in this place.
 E = Time spent auto-exploring this place.
 F = Levels seen in this place.
 G = Mean time per level.
                   A        B        C        D        E       F      G
               +--------+--------+--------+--------+--------+-----+--------+
         Total |    448 |    287 |    161 |      0 |      0 |   5 |   89.6 |
       Dungeon |    448 |    287 |    161 |      0 |      0 |   5 |   89.6 |
               +--------+--------+--------+--------+--------+-----+--------+

Top non-repeatable levels by time:
     D:2: 153 daAuts
     D:4: 148 daAuts
     D:3: 56 daAuts
     D:1: 46 daAuts
     D:5: 43 daAuts
